 Dungeon Sprint DCSS version 0.26.1-11-gd32895ea62 (webtiles) character file.

Game seed: 16573070604661330758

10100000 Zeld the Conqueror (level 27, -8/409 HPs)
             Began as a Minotaur Monk on June 6, 2021.
             Was the Champion of Makhleb.
             Engulfed by a cloud of flame (17 damage)
             ... in the Dungeon (Sprint VIII: "Arena of Blood").
             The game lasted 00:03:54 (101 turns).

Zeld the Conqueror (Minotaur Monk)                   Turns: 101, Time: 00:03:55

Health: -8/409     AC:  4    Str: 27    XL:     27
Magic:  33/53      EV: 32    Int:  7    God:    Makhleb [******]
Gold:   0          SH:  0    Dex: 15    Spells: 80/80 levels left

rFire    . . .     SeeInvis .   h - +∞ Axe of Woe
rCold    . . .     Faith    .   (shield currently unavailable)
rNeg     . . .     Spirit   .   a - +0 robe
rPois    .         Reflect  .   (helmet restricted)
rElec    .         Harm     .   (no cloak)
rCorr    .         Rampage  .   (no gloves)
Will     ++...     NoTele   +   (no boots)
Stlth    ..........             (no amulet)
HPRegen  0.78/turn              (no ring)
MPRegen  0.33/turn              (no ring)

@: berserking, marked, very quick
A: retaliatory headbutt, horns 2
a: Renounce Religion, Minor Destruction, Lesser Servant of Makhleb, Major
Destruction, Greater Servant of Makhleb


You were in the Dungeon.
You worshipped Makhleb.
Makhleb was exalted by your worship.
You visited 1 branch

Inventory:

Hand Weapons
 h - the +∞ Axe of Woe (weapon)
   (You found it in the Dungeon)
Armour
 a - a +0 robe (worn)
Scrolls
 g - a scroll of blinking
Potions
 b - a potion of curing
 d - a potion of haste
 e - 2 potions of magic


   Skills:
 O Level 27 Fighting
 O Level 27 Short Blades
 O Level 27 Long Blades
 O Level 27 Axes
 O Level 27 Maces & Flails
 O Level 27 Polearms
 O Level 27 Staves
 O Level 27 Slings
 O Level 27 Bows
 O Level 27 Crossbows
 O Level 27 Throwing
 O Level 27 Armour
 O Level 27 Dodging
 O Level 27 Stealth
 O Level 27 Shields
 O Level 27 Unarmed Combat
 O Level 27 Spellcasting
 O Level 27 Conjurations
 O Level 27 Hexes
 O Level 27 Summonings
 O Level 27 Necromancy
 O Level 27 Translocations
 O Level 27 Transmutations
 O Level 27 Fire Magic
 O Level 27 Ice Magic
 O Level 27 Air Magic
 O Level 27 Earth Magic
 O Level 27 Poison Magic
 O Level 27 Invocations
 O Level 27 Evocations


You had 80 spell levels left.
You didn't know any spells.
Your spell library was empty.

Dungeon Overview and Level Annotations

Branches:
Dungeon (1/1)

Altars:
Makhleb


Innate Abilities, Weirdness & Mutations

You reflexively headbutt those who attack you in melee.
You have a pair of horns on your head.


Message History

The fiery explosion engulfs the meat berserker!
The meat berserker dies!
The fiery explosion engulfs the small abomination!!
The fiery explosion engulfs the sculptor of flesh!!
You feel something staring at you. Something smites you!
* * * LOW HITPOINT WARNING * * *
The sculptor of flesh is engulfed in blazing flames.
A bag of meat comes into view. It is wielding a +9 war axe.
The accursed gestures at you while chanting.
Something smites you!
* * * LOW HITPOINT WARNING * * *
Press: ? - help, v - describe, . - travel, g - get item
Items here: ))))) =====.
The floor, spattered with blood.
There is a cloud of flame here.
A red film seems to cover your vision as you go berserk!
You feel yourself moving faster!
You feel mighty!
You are engulfed in blazing flames.
You die... .MM.. ... #{ox .z# o #.D§ ..# . oO###Mxz

.o###oo
OO§§M§###.°§ox.
..§ozx_.W§§o.
#§)o).# #@§xoL#
#§§○oo#
oo°{)§o2z.o.o
OO.oz§###W..o.o


oo###xMM .o###O. V #.oo .o# . #... ..# ..... ..o You could see 6 accurseds, a
meat beast (fast), a tyrant, an eight-headed meat hydra, 4 sculptors of flesh, 2
dreads, 3 small abominations, 16 bags of meat and 2 crawling corpses.

Vanquished Creatures
  Sigmund (D)
  12 hell beasts (D)
  5 wraiths (D)
  17 vampire knights (D)
  60 ogres (D)
  9 two-headed ogres (D)
  5 liches (D)
  64 orcs (D)
  2 phantoms (D)
  7 skeletal warriors (D)
  4 large abominations (D)
  18 small abominations (D)
  29 crawling corpses (D)
233 creatures vanquished.

Vanquished Creatures (others)
  2 ogres (D)
  5 two-headed ogres (D)
  2 hydras (D)
  6 orcs (D)
  8 crawling corpses (D)
23 creatures vanquished.

Grand Total: 256 creatures vanquished

Notes
Turn   | Place    | Note
-------+----------+-------------------------------------------
     0 | D        | Found the +∞ Axe of Woe
     0 | D        | Zeld the Minotaur Monk began the quest for the Orb.
     0 | D        | Reached XP level 1. HP: 19/19 MP: 0/0
     2 | D        | Noticed a bag of meat
     2 | D        | Noticed a bag of meat
     4 | D        | Became a worshipper of Makhleb the Destroyer
     4 | D        | Reached * piety under Makhleb
     4 | D        | Reached ** piety under Makhleb
     5 | D        | Noticed a bag of meat
     5 | D        | Noticed a meat berserker
     5 | D        | Noticed a meat berserker
     5 | D        | Noticed a bag of meat
     6 | D        | Noticed a bag of meat
     6 | D        | Noticed a bag of meat
     9 | D        | Killed a meat berserker
     9 | D        | Killed a meat berserker
     9 | D        | Noticed a bag of meat
    10 | D        | Reached XP level 2. HP: 64/64 MP: 1/1
    10 | D        | Reached XP level 3. HP: 72/72 MP: 2/2
    10 | D        | Reached XP level 4. HP: 81/81 MP: 3/3
    10 | D        | Reached XP level 5. HP: 88/88 MP: 4/4
    10 | D        | Reached XP level 6. HP: 96/96 MP: 5/5
    10 | D        | Reached XP level 7. HP: 104/104 MP: 6/6
    10 | D        | Reached XP level 8. HP: 113/113 MP: 7/7
    10 | D        | Reached XP level 9. HP: 119/119 MP: 8/8
    10 | D        | Reached XP level 10. HP: 128/128 MP: 9/9
    10 | D        | Reached XP level 11. HP: 136/136 MP: 10/10
    10 | D        | Reached XP level 12. HP: 145/145 MP: 11/11
    10 | D        | Reached XP level 13. HP: 152/152 MP: 12/12
    10 | D        | Reached XP level 14. HP: 160/160 MP: 13/13
    10 | D        | Killed a bag of meat
    10 | D        | Killed a bag of meat
    10 | D        | Reached *** piety under Makhleb
    11 | D        | Reached skill level 27 in Fighting
    11 | D        | Reached XP level 15. HP: 174/174 MP: 14/14
    11 | D        | Reached **** piety under Makhleb
    12 | D        | Reached skill level 27 in Dodging
    12 | D        | Reached skill level 27 in Unarmed Combat
    12 | D        | Reached XP level 16. HP: 150/183 MP: 15/15
    13 | D        | Reached skill level 15 in Stealth
    13 | D        | Noticed a meat berserker
    14 | D        | Noticed a meat berserker
    15 | D        | Noticed a meat berserker
    18 | D        | Killed a meat berserker
    19 | D        | Reached skill level 27 in Axes
    19 | D        | Reached XP level 17. HP: 179/191 MP: 16/16
    19 | D        | Killed a meat berserker
    19 | D        | Reached ***** piety under Makhleb
    20 | D        | Reached skill level 27 in Stealth
    20 | D        | Reached XP level 18. HP: 200/200 MP: 17/17
    20 | D        | Killed a meat berserker
    20 | D        | Noticed a large bag of meat
    21 | D        | Reached skill level 5 in Long Blades
    21 | D        | Reached skill level 5 in Maces & Flails
    21 | D        | Reached skill level 5 in Polearms
    21 | D        | Reached skill level 5 in Staves
    21 | D        | Reached skill level 5 in Armour
    21 | D        | Reached skill level 5 in Shields
    24 | D        | Reached skill level 5 in Short Blades
    24 | D        | Reached skill level 5 in Slings
    24 | D        | Reached skill level 5 in Bows
    24 | D        | Reached skill level 5 in Crossbows
    24 | D        | Reached skill level 5 in Throwing
    24 | D        | Reached skill level 5 in Invocations
    24 | D        | Noticed a large bag of meat
    25 | D        | Killed a large bag of meat
    26 | D        | Reached skill level 5 in Spellcasting
    26 | D        | Reached skill level 5 in Conjurations
    26 | D        | Reached skill level 5 in Hexes
    26 | D        | Reached skill level 5 in Summonings
    26 | D        | Reached skill level 5 in Necromancy
    26 | D        | Reached skill level 5 in Translocations
    26 | D        | Reached skill level 5 in Fire Magic
    26 | D        | Reached skill level 5 in Ice Magic
    26 | D        | Reached skill level 5 in Air Magic
    26 | D        | Reached skill level 5 in Poison Magic
    26 | D        | Reached XP level 19. HP: 160/207 MP: 17/25
    27 | D        | Noticed a large bag of meat
    28 | D        | Reached skill level 10 in Long Blades
    28 | D        | Reached skill level 10 in Maces & Flails
    28 | D        | Reached skill level 10 in Polearms
    28 | D        | Reached skill level 10 in Staves
    28 | D        | Reached skill level 10 in Armour
    28 | D        | Reached skill level 10 in Shields
    28 | D        | Noticed a meat berserker
    29 | D        | Reached ****** piety under Makhleb
    29 | D        | Noticed a meat berserker
    30 | D        | Reached skill level 10 in Short Blades
    30 | D        | Reached skill level 10 in Slings
    30 | D        | Reached skill level 10 in Bows
    30 | D        | Reached skill level 10 in Crossbows
    30 | D        | Noticed a destroyer
    31 | D        | Killed a large bag of meat
    32 | D        | Reached skill level 10 in Throwing
    32 | D        | Reached skill level 10 in Invocations
    32 | D        | Reached XP level 20. HP: 187/216 MP: 18/29
    32 | D        | Noticed a meat berserker
    33 | D        | Killed a large bag of meat
    33 | D        | Noticed a large bag of meat
    34 | D        | Reached skill level 10 in Evocations
    34 | D        | Killed a meat berserker
    34 | D        | Noticed a meat berserker
    35 | D        | Reached skill level 10 in Transmutations
    35 | D        | Reached skill level 10 in Earth Magic
    35 | D        | Reached XP level 21. HP: 214/224 MP: 19/33
    35 | D        | Noticed a destroyer
    36 | D        | Reached skill level 15 in Long Blades
    36 | D        | Reached skill level 15 in Maces & Flails
    36 | D        | Reached skill level 15 in Polearms
    36 | D        | Reached skill level 15 in Staves
    36 | D        | Reached skill level 15 in Armour
    36 | D        | Reached skill level 15 in Shields
    36 | D        | Reached skill level 10 in Spellcasting
    36 | D        | Reached skill level 10 in Conjurations
    36 | D        | Reached skill level 10 in Hexes
    36 | D        | Reached skill level 10 in Summonings
    36 | D        | Reached skill level 10 in Necromancy
    36 | D        | Reached skill level 10 in Translocations
    36 | D        | Reached skill level 10 in Fire Magic
    36 | D        | Reached skill level 10 in Ice Magic
    36 | D        | Reached skill level 10 in Air Magic
    36 | D        | Reached skill level 10 in Poison Magic
    36 | D        | Reached XP level 22. HP: 222/233 MP: 19/35
    40 | D        | Reached skill level 15 in Short Blades
    40 | D        | Reached skill level 15 in Slings
    40 | D        | Reached skill level 15 in Bows
    41 | D        | Reached skill level 15 in Crossbows
    41 | D        | Noticed a destroyer
    42 | D        | Killed a destroyer
    43 | D        | Reached skill level 15 in Throwing
    43 | D        | Reached skill level 15 in Invocations
    43 | D        | Reached XP level 23. HP: 228/240 MP: 20/37
    43 | D        | Noticed a destroyer
    44 | D        | Killed a large bag of meat
    45 | D        | Reached skill level 15 in Evocations
    45 | D        | Reached XP level 24. HP: 215/249 MP: 21/38
    45 | D        | Killed a destroyer
    46 | D        | Reached skill level 15 in Transmutations
    46 | D        | Reached skill level 15 in Earth Magic
    47 | D        | Noticed a tyrant
    47 | D        | Killed a destroyer
    47 | D        | Killed a destroyer
    48 | D        | Reached skill level 15 in Conjurations
    48 | D        | Reached skill level 15 in Summonings
    48 | D        | Reached skill level 15 in Necromancy
    48 | D        | Reached skill level 15 in Translocations
    48 | D        | Reached skill level 15 in Fire Magic
    48 | D        | Reached skill level 15 in Ice Magic
    48 | D        | Reached skill level 15 in Air Magic
    48 | D        | Reached skill level 15 in Poison Magic
    48 | D        | Reached XP level 25. HP: 245/257 MP: 21/40
    48 | D        | Noticed a large bag of meat
    50 | D        | Noticed a destroyer
    52 | D        | Noticed a tyrant
    53 | D        | Noticed a destroyer
    54 | D        | Reached skill level 15 in Spellcasting
    54 | D        | Reached skill level 15 in Hexes
    54 | D        | Reached XP level 26. HP: 216/266 MP: 22/41
    57 | D        | Killed a large bag of meat
    57 | D        | Killed a tyrant
    57 | D        | Noticed The Captor
    58 | D        | Reached XP level 27. HP: 242/273 MP: 23/42
    60 | D        | Killed a destroyer
    61 | D        | Killed a destroyer
    61 | D        | Killed a tyrant
    62 | D        | Noticed an accursed
    63 | D        | Reached skill level 27 in Long Blades
    63 | D        | Reached skill level 27 in Maces & Flails
    63 | D        | Reached skill level 27 in Polearms
    63 | D        | Reached skill level 27 in Staves
    63 | D        | Reached skill level 27 in Armour
    63 | D        | Reached skill level 27 in Shields
    64 | D        | Noticed an accursed
    64 | D        | Noticed a tyrant
    65 | D        | Noticed a dread
    65 | D        | Noticed a meat beast
    65 | D        | Noticed a large bag of meat
    65 | D        | Noticed a destroyer
    66 | D        | Noticed a large bag of meat
    67 | D        | Reached skill level 27 in Invocations
    67 | D        | Noticed a destroyer
    67 | D        | Noticed a meat beast
    67 | D        | Noticed a large bag of meat
    67 | D        | Noticed a tyrant
    68 | D        | Noticed a large bag of meat
    68 | D        | Noticed a destroyer
    68 | D        | Noticed a meat beast
    69 | D        | Noticed a meat beast
    69 | D        | Noticed a tyrant
    70 | D        | Reached skill level 27 in Short Blades
    70 | D        | Noticed a dread
    70 | D        | Killed a meat beast
    70 | D        | Killed a dread
    70 | D        | Noticed a meat beast
    70 | D        | Noticed a destroyer
    70 | D        | Noticed a dread
    71 | D        | Reached skill level 27 in Slings
    71 | D        | Reached skill level 27 in Bows
    71 | D        | Reached skill level 27 in Crossbows
    71 | D        | Reached skill level 27 in Throwing
    71 | D        | Killed a meat beast
    71 | D        | Killed a destroyer
    71 | D        | Noticed a meat beast
    71 | D        | Noticed an accursed
    72 | D        | Reached skill level 27 in Evocations
    72 | D        | Noticed an accursed
    73 | D        | Noticed a destroyer
    73 | D        | Killed The Captor
    73 | D        | Noticed an accursed
    73 | D        | Noticed a destroyer
    73 | D        | Noticed a large bag of meat
    74 | D        | Reached skill level 27 in Conjurations
    74 | D        | Reached skill level 27 in Summonings
    74 | D        | Reached skill level 27 in Necromancy
    74 | D        | Reached skill level 27 in Transmutations
    74 | D        | Reached skill level 27 in Earth Magic
    74 | D        | Killed a meat beast
    74 | D        | Noticed a destroyer
    74 | D        | Noticed a destroyer
    75 | D        | Reached skill level 27 in Spellcasting
    75 | D        | Reached skill level 27 in Hexes
    75 | D        | Reached skill level 27 in Translocations
    75 | D        | Reached skill level 27 in Fire Magic
    75 | D        | Reached skill level 27 in Ice Magic
    75 | D        | Reached skill level 27 in Air Magic
    75 | D        | Reached skill level 27 in Poison Magic
    75 | D        | Killed a destroyer
    76 | D        | Killed a meat beast
    76 | D        | Killed a destroyer
    76 | D        | Noticed a large bag of meat
    76 | D        | Noticed a dread
    78 | D        | Killed a meat beast
    78 | D        | Killed a dread
    79 | D        | Killed a meat beast
    80 | D        | Killed a large bag of meat
    80 | D        | Killed a destroyer
    80 | D        | Killed a destroyer
    80 | D        | Noticed a dread
    80 | D        | Noticed a destroyer
    81 | D        | Noticed a large bag of meat
    81 | D        | Noticed a meat beast
    81 | D        | Noticed a destroyer
    82 | D        | Noticed a large bag of meat
    82 | D        | Noticed a meat beast
    82 | D        | Noticed a dread
    83 | D        | Noticed a meat beast
    83 | D        | Killed a destroyer
    83 | D        | Killed a destroyer
    84 | D        | Killed a meat beast
    84 | D        | Killed a tyrant
    85 | D        | Noticed a meat beast
    85 | D        | Noticed a meat beast
    85 | D        | Noticed a large bag of meat
    85 | D        | Killed a dread
    85 | D        | Killed a destroyer
    85 | D        | Noticed a dread
    86 | D        | Noticed a large bag of meat
    88 | D        | Noticed a meat beast
    89 | D        | Noticed a meat beast
    89 | D        | Killed a meat beast
    89 | D        | Killed a tyrant
    90 | D        | Noticed a destroyer
    90 | D        | Noticed a destroyer
    90 | D        | Killed a meat beast
    90 | D        | Killed a meat beast
    91 | D        | Killed a meat beast
    93 | D        | Killed a dread
    94 | D        | Killed a large bag of meat
    94 | D        | Noticed an accursed
    95 | D        | Killed a large bag of meat
    95 | D        | Killed a destroyer
    95 | D        | Noticed a tyrant
    95 | D        | Noticed a dread
    96 | D        | Killed a large bag of meat
    96 | D        | Killed a tyrant
    96 | D        | Killed a dread
    96 | D        | Killed a destroyer
    97 | D        | Killed a large bag of meat
    98 | D        | Killed a destroyer
    98 | D        | Killed a large bag of meat
    98 | D        | Noticed a tyrant
    99 | D        | Killed a meat beast
    99 | D        | HP: 7/273 [accursed/divine providence (14)]
    99 | D        | Noticed an accursed
    99 | D        | Killed a large bag of meat
    99 | D        | Killed a large bag of meat
   100 | D        | Noticed a meat beast
   100 | D        | Killed a large bag of meat
   101 | D        | Engulfed by a cloud of flame

Illustrated notes

Levels and vault maps discovered:
D:        meatsprint

Skill      XL: |  1  2  3  4  5  6  7  8  9 10 11 12 13 14 15 16 17 18 19 20 21 22 23 24 25 26 27 |
---------------+----------------------------------------------------------------------------------+-----
Fighting       | 24 27 | 27.0
Axes           | 7 9 22 27 | 27.0
Dodging        | 22 24 27 | 27.0
Stealth        | 8 9 13 20 27 | 27.0
Unarmed Combat | 22 24 27 | 27.0
Short Blades   | 8 10 13 14 17 18 20 22 23 27 | 27.0
Long Blades    | 9 11 14 15 18 19 21 23 25 27 | 27.0
Maces & Flails | 9 11 14 15 18 19 21 23 25 27 | 27.0
Polearms       | 9 11 14 15 18 19 21 23 25 27 | 27.0
Staves         | 9 11 14 15 18 19 21 23 25 27 | 27.0
Slings         | 8 10 13 14 17 18 20 22 23 27 | 27.0
Bows           | 8 10 13 14 17 18 20 22 23 27 | 27.0
Crossbows      | 8 10 13 14 17 18 20 22 23 27 | 27.0
Throwing       | 7 10 12 13 15 17 18 20 21 27 | 27.0
Armour         | 9 11 14 15 18 19 21 23 25 27 | 27.0
Shields        | 9 11 14 15 18 19 21 23 25 27 | 27.0
Spellcasting   | 5 7 9 10 11 12 14 15 16 27 | 27.0
Conjurations   | 5 7 9 10 12 13 15 16 17 27 | 27.0
Hexes          | 5 7 9 10 11 12 14 15 16 27 | 27.0
Summonings     | 5 7 9 10 12 13 15 16 17 27 | 27.0
Necromancy     | 5 7 9 10 12 13 15 16 17 27 | 27.0
Translocations | 5 7 9 10 12 13 15 16 17 27 | 27.0
Transmutations | 6 8 10 11 13 14 16 17 18 27 | 27.0
Fire Magic     | 5 7 9 10 12 13 15 16 17 27 | 27.0
Ice Magic      | 5 7 9 10 12 13 15 16 17 27 | 27.0
Air Magic      | 5 7 9 10 12 13 15 16 17 27 | 27.0
Earth Magic    | 6 8 10 11 13 14 16 17 18 27 | 27.0
Poison Magic   | 5 7 9 10 12 13 15 16 17 27 | 27.0
Invocations    | 7 10 12 13 15 17 18 20 21 27 | 27.0
Evocations     | 6 9 11 12 14 15 17 19 20 27 | 27.0

Action                   |  1- 3 |  4- 6 |  7- 9 | 10-12 | 13-15 | 16-18 | 19-21 | 22-24 | 25-27 || total
-------------------------+-------+-------+-------+-------+-------+-------+-------+-------+-------++-------
Melee: Executioner's axe |     1 |       |       |       |     2 |     6 |     6 |    11 |    48 ||    74
Invok: Greater Servant o |       |       |       |       |       |       |       |       |     2 ||     2
  Use: Potion            |       |       |       |       |       |       |       |       |     2 ||     2
Dodge: Dodged            |       |       |       |       |     1 |       |     2 |       |     5 ||     8
